 Dungeon Sprint DCSS version 0.26-a0-660-gc07710193c (webtiles) character file.

Game seed: 16251035290903923339

660 mhtbhm the Blocker (level 7, -1/73 HPs)
             Began as a Minotaur Fighter on Oct 6, 2020.
             Was a Priest of Trog.
             Slain by a fire elemental (9 damage)
             ... summoned by a deep elf mage
             ... in the Dungeon (Sprint VII: "The Pits").
             The game lasted 00:00:55 (400 turns).

mhtbhm the Blocker (Minotaur Fighter)                Turns: 400, Time: 00:00:56

Health: -1/73      AC: 14    Str: 23    XL:     7   Next: 30%
Magic:  6/6        EV:  9    Int:  5    God:    Trog [***...]
Gold:   0          SH: 12    Dex:  9    Spells: 6/6 levels left

rFire    . . .     SeeInvis .   a - +1 long sword (holy)
rCold    . . .     Faith    .   c - +0 kite shield
rNeg     . . .     Spirit   .   b - +3 chain mail
rPois    .         Reflect  .   (helmet restricted)
rElec    .         Harm     .   (no cloak)
rCorr    .         Rampage  .   (no gloves)
MR       .....     NoTele   +   (no boots)
Stlth    ..........             (no amulet)
HPRegen  0.22/turn              (no ring)
MPRegen  0.10/turn              (no ring)

@: mighty, berserk cooldown, slowed, very slow
A: retaliatory headbutt, horns 2
a: Berserk, Trog's Hand, Renounce Religion


You were in the Dungeon.
You worshipped Trog.
Trog was most pleased with you.
You visited 1 branch

Inventory:

Hand Weapons
 a - a +1 long sword of holy wrath (weapon)
Armour
 b - a +3 chain mail (worn)
 c - a +0 kite shield (worn)
Scrolls
 j - a scroll of blinking
 l - 3 scrolls of remove curse
 m - 5 scrolls of amnesia
 n - a scroll of summoning
Potions
 e - 6 potions of curing
 f - 4 potions of heal wounds
 g - a potion of haste
 h - 4 potions of magic
 i - 3 potions of berserk rage
 k - 2 potions of invisibility


   Skills:
 + Level 10.4 Fighting
 + Level 6.3 Long Blades
 + Level 10.6 Armour
 + Level 3.5 Dodging
 + Level 11.2 Shields


You had 6 spell levels left.
You didn't know any spells.
Your spell library was empty.

Dungeon Overview and Level Annotations

Branches:
Dungeon (1/1)

Altars:
Ashenzari
Cheibriados
Dithmenos
Elyvilon
Fedhas
Gozag
Hepliaklqana
Kikubaaqudgha
Makhleb
Nemelex Xobeh
Okawaru
Qazlal
Ru
Sif Muna
Trog
Uskayaw
Vehumet
Wu Jian
Xom
Yredelemnul
Zin
The Shining One
Beogh
Jiyva
Lugonu

Annotations:
D Purgy


Innate Abilities, Weirdness & Mutations

You reflexively headbutt those who attack you in melee.
You have a pair of horns on your head.


Message History

Your chain mail prevents you from hitting the fire elemental.
The fire elemental is severely damaged.
The fire elemental barely misses you. You block the fire elemental's attack.
The fire elemental hits you. The fire elemental burns you!
You closely miss the fire elemental.
The fire elemental is severely damaged.
The fire elemental hits you. The fire elemental burns you!
* * * LOW HITPOINT WARNING * * *
The fire elemental hits you. The fire elemental burns you!
* * * LOW HITPOINT WARNING * * *
You closely miss the fire elemental.
The fire elemental is severely damaged.
The fire elemental hits you. The fire elemental burns you!
* * * LOW HITPOINT WARNING * * *
The fire elemental closely misses you.
You hit the fire elemental.
The fire elemental is almost destroyed.
The fire elemental disappears in a puff of smoke!
The fire elemental hits you. The fire elemental burns you!
You die...

#'#####'#####.....
#.#[.#..)..##.....
#.#[)#####'#####'#
#.#))#.....##.....
#.#))#.....##.....
#.#..###'####.....
#.##'#.))†.##...<.
#.#........##.....
#@#........##.....
#E###########.....
#E☼S..e.# ######
#Te#l#..# #.## #
#.. #.# #.. #..


You could see a deep elf mage, Purgy and 2 fire elementals.

Vanquished Creatures
  A deep elf mage (D)
  A fire bat (D)
  A floating eye (D)
  An adder (D)
  An orc (D)
  A bat zombie (D)
  A giant cockroach (D)
  A hobgoblin (D)
  A kobold (D)
  A quokka (D)
10 creatures vanquished.

Notes
Turn   | Place    | Note
-------+----------+-------------------------------------------
     0 | D        | mhtbhm the Minotaur Fighter began the quest for the Orb.
     0 | D        | Reached XP level 1. HP: 19/19 MP: 0/0
     8 | D        | Noticed a floating eye
    11 | D        | Killed a floating eye
    11 | D        | Reached skill level 6 in Shields
    11 | D        | Reached XP level 2. HP: 31/31 MP: 1/1
    11 | D        | Reached XP level 3. HP: 38/38 MP: 2/2
    11 | D        | Reached XP level 4. HP: 45/45 MP: 3/3
    49 | D        | Found a bloodstained altar of Trog.
    49 | D        | Found a shimmering blue altar of Sif Muna.
    49 | D        | Found a viscous altar of Jiyva.
    49 | D        | Found a hazy altar of Hepliaklqana.
    49 | D        | Found an opulent altar of Gozag.
    50 | D        | Found a glowing golden altar of the Shining One.
    50 | D        | Found a glowing silver altar of Zin.
    50 | D        | Found a basalt altar of Yredelemnul.
    50 | D        | Found a shimmering altar of Xom.
    50 | D        | Found an ornate altar of the Wu Jian Council.
    50 | D        | Found a sacrificial altar of Ru.
    50 | D        | Found a stormy altar of Qazlal.
    50 | D        | Found an iron altar of Okawaru.
    50 | D        | Found a sparkling altar of Nemelex Xobeh.
    50 | D        | Found a burning altar of Makhleb.
    50 | D        | Found a blossoming altar of Fedhas.
    50 | D        | Found a white marble altar of Elyvilon.
    50 | D        | Found a shadowy altar of Dithmenos.
    50 | D        | Found a snail-covered altar of Cheibriados.
    52 | D        | Found a radiant altar of Vehumet.
    52 | D        | Found a corrupted altar of Lugonu.
    52 | D        | Found a roughly hewn altar of Beogh.
    53 | D        | Found a hide-covered altar of Uskayaw.
    53 | D        | Found an ancient bone altar of Kikubaaqudgha.
    53 | D        | Found a broken altar of Ashenzari.
    58 | D        | Became a worshipper of Trog the Wrathful
    88 | D        | Reached * piety under Trog
    92 | D        | Reached skill level 7 in Shields
   137 | D        | Noticed a deep elf mage
   140 | D        | Reached ** piety under Trog
   151 | D        | Killed a deep elf mage
   151 | D        | Reached skill level 10 in Fighting
   151 | D        | Reached skill level 5 in Long Blades
   151 | D        | Reached skill level 10 in Armour
   151 | D        | Reached skill level 10 in Shields
   151 | D        | Reached XP level 5. HP: 35/58 MP: 4/4
   151 | D        | Reached XP level 6. HP: 40/66 MP: 5/5
   151 | D        | Reached XP level 7. HP: 44/72 MP: 6/6
   369 | D        | Noticed a deep elf mage
   369 | D        | Noticed a fire bat
   376 | D        | Noticed a fire elemental
   376 | D        | Noticed a fire elemental
   376 | D        | Killed a fire bat
   376 | D        | Reached *** piety under Trog
   376 | D        | Reached skill level 11 in Shields
   383 | D        | Noticed a fire elemental
   389 | D        | Noticed Purgy
   400 | D        | Slain by a fire elemental

Illustrated notes

Levels and vault maps discovered:
D:        pitsprint [storerooms_1, entrance_room_1, metal_vault_4, armoury_2,
          mini_pit_1, grid_room_1, main_hall_1, silver_pit, the_coven_2,
          the_vestibule_1, steel_vault_4, golden_pit, hallway_of_sentries,
          crystal_vault_6, iron_vault_1, final_vault]

Skill      XL: |  1  2  3  4  5  6  7 |
---------------+----------------------+-----
Fighting       | 6 10 | 10.4
Long Blades    | 3 5 6 |  6.3
Armour         | 6 10 | 10.6
Shields        | 6 10 11 | 11.2
Dodging        | 3 |  3.5

Action                   |  1- 3 |  4- 6 |  7- 9 || total
-------------------------+-------+-------+-------++-------
Melee: Long sword        |     2 |       |    22 ||    24
       Falchion          |       |    27 |       ||    27
       Headbutt          |       |     7 |     2 ||     9
Invok: Berserk           |       |     1 |     1 ||     2
  Use: Potion            |       |       |     3 ||     3
Armor: Scale mail        |       |    10 |       ||    10
       Chain mail        |       |       |    15 ||    15
Dodge: Dodged            |       |     6 |     5 ||    11
Block: Kite shield       |       |    13 |    14 ||    27
       Rpst.: Falchion   |       |     1 |       ||     1
       Long sword        |       |       |     2 ||     2

Table legend: (Time is in decaauts)
 A = Elapsed time spent in this place.
 B = Non-inter-level travel time spent in this place.
 C = Inter-level travel time spent in this place.
 D = Time resting spent in this place.
 E = Time spent auto-exploring this place.
 F = Levels seen in this place.
 G = Mean time per level.
                   A        B        C        D        E       F      G
               +--------+--------+--------+--------+--------+-----+--------+
         Total |    411 |    411 |      0 |    194 |     30 |   1 |  411.0 |
       Dungeon |    411 |    411 |      0 |    194 |     30 |   1 |  411.0 |
               +--------+--------+--------+--------+--------+-----+--------+

Top non-repeatable levels by time:
       D: 411 daAuts
